 Dungeon Crawl Stone Soup version 0.20-a0-11-ga97c7b5 (webtiles) character file.

9823 dobroeutro the Basher (level 11, -3/64 HPs)
             Began as a Gargoyle Fighter on Nov 2, 2016.
             Was a High Priest of Okawaru.
             Slain by a hill giant
             ... wielding a +0 giant club
              (27 damage)
             ... on level 11 of the Dungeon.
             The game lasted 00:15:13 (9711 turns).

dobroeutro the Basher (Gargoyle Fighter)            Turns: 9711, Time: 00:15:14

Health: -3/64      AC: 19    Str: 24    XL:     11   Next: 52%
Magic:  11/11      EV: 11    Int:  9    God:    Okawaru [*****.]
Gold:   667        SH: 10    Dex: 13    Spells: 0 memorised, 10 levels left

rFire  . . .     SeeInvis +     U - +9 trident of Wrongful Imprisonment {flame, Str+2 Dex+3 SInv}
rCold  . . .     Gourm    .     Q - +0 scale mail
rNeg   + . .     Faith    .     c - +0 shield
rPois  ∞         Spirit   .     k - +2 hat
rElec  +         Reflect  .     (no cloak)
rCorr  .         Harm     .     y - +0 pair of gloves
MR     .....     Rnd*Tele +     (no boots)
Stlth  ..........               (no amulet)
                                p - +2 ring of strength
                                O - +3 ring of slaying

@: about to teleport, barbed spikes
A: hooves 1, horns 2, frail 1, negative energy resistance 1, shaggy fur 1,
electricity resistance, teleportitis 1, weak 1, unbreathing, petrification
resistance, rot immunity, MP-powered wands, AC +7
a: Heroism, Finesse, Renounce Religion


You were on level 11 of the Dungeon.
You worshipped Okawaru.
Okawaru was extremely pleased with you.
You were not hungry.

You visited 2 branches of the dungeon, and saw 12 of its levels.

You collected 667 gold pieces.

Inventory:

Hand Weapons
 F - a +3 flail of protection
 U - the +9 trident of Wrongful Imprisonment (weapon) {flame, Str+2 Dex+3 SInv}
   (You found it on level 11 of the Dungeon)

   It has been specially enchanted to burn those struck by it, causing extra
   injury to most foes and up to half again as much damage against particularly
   susceptible opponents.
   It affects your strength (+2).
   It affects your dexterity (+3).
   It lets you see invisible.
Armour
 c - a +0 shield (worn)
 k - a +2 hat (worn)
 y - a +0 pair of gloves (worn)
 Q - a +0 scale mail (worn)
Jewellery
 p - a +2 ring of strength (right hand)
 s - an uncursed ring of resist corrosion
 O - a +3 ring of slaying (left hand)
 P - an uncursed ring of see invisible
Wands
 A - a wand of flame (41/48)
 G - a wand of flame (20/48)
 K - a wand of iceblast (6/15)
 N - a wand of paralysis (13/24)
 T - a wand of slowing (25/48)
Scrolls
 a - 4 scrolls of magic mapping
 e - 2 scrolls of amnesia
 h - 2 scrolls of immolation
 j - 4 scrolls of remove curse
 l - 7 scrolls of teleportation
 o - a scroll of noise
 q - a scroll of fear
 r - 4 scrolls of blinking
 v - 2 scrolls of enchant armour
 w - a scroll of enchant weapon
 D - 5 scrolls of recharging
 H - a scroll of summoning
 S - 5 scrolls of identify
Potions
 d - 2 potions of might
 m - 3 potions of degeneration
 n - a potion of lignification {unknown}
 t - 2 potions of cure mutation
 u - 3 potions of heal wounds
 x - a potion of flight
 z - 2 potions of agility
 B - 6 potions of curing {unknown}
 C - a potion of beneficial mutation
 I - a potion of berserk rage {unknown}
 J - 2 potions of invisibility {unknown}
 L - a potion of resistance
 M - 2 potions of haste
Comestibles
 f - 8 bread rations
 g - 9 beef jerkies
 i - 8 meat rations
 E - 3 slices of pizza


   Skills:
 + Level 10.1 Fighting
 * Level 11.7 Maces & Flails
 + Level 7.5 Armour
 + Level 6.8 Dodging
 - Level 3.2 Shields


You had 10 spell levels left.
You didn't know any spells.

Dungeon Overview and Level Annotations

Branches:
Dungeon (11/15)            Temple (1/1) D:6            Lair (0/6) D:9
    Orc: D:9-12

Altars:
Ashenzari
Cheibriados
Dithmenos
Elyvilon
Fedhas
Gozag
Hepliaklqana
Kikubaaqudgha
Makhleb
Nemelex Xobeh
Okawaru
Qazlal
Ru
Sif Muna
Trog
Uskayaw
Vehumet
Xom
Yredelemnul
Zin
The Shining One

Shops:
D:6 :

Annotations:
D:4 Dowan
D:10 1 runed door


Innate Abilities, Weirdness & Mutations

You are resistant to torment.
Your stone body is resilient. (AC +7)
You are immune to poison.
You resist negative energy. (rN+)
You are resistant to electric shocks. (rElec)
You can survive without breathing.
You are immune to petrification.
You are immune to rotting.
You have large cloven feet.
You have a pair of horns on your head.
You are frail. (-10% HP)
You are covered in fur. (AC +1)
You are occasionally teleported next to monsters.
You are weak. (Str -2)
You expend magic power (3 MP) to strengthen your wands.


Message History

The volley of spikes hits you!
The barbed spikes become lodged in your body.
You puncture the hill giant! You burn the hill giant.
The hill giant is heavily wounded.
You block the ogre's attack. The hill giant barely misses you.
You hit the hill giant. You burn the hill giant.
Your kick misses the hill giant. Your headbutt misses the hill giant.
The hill giant is heavily wounded.
The ogre hits you with a giant spiked club!
You block the manticore's attack. The manticore claws you!
The manticore claws you. You block the hill giant's attack.
The barbs in your skin will harm you if you move.
Continue? [Y]es or [N]o only, please.
The barbs in your skin will harm you if you move.
Continue?
Okay, then.
As you read the scroll of teleportation, it crumbles to dust.
You feel strangely unstable. You block the manticore's attack.
The manticore claws you. The manticore misses you. The ogre closely misses you.
The hill giant hits you with a giant club!!
You die...

..)..........#
.............#
#........
..>..........#
#........
............#
#........
#..<........#
#........
####........#
#........
####.....#
##........
###..####..H......
#....##.@C..?...
#........O......
##......#........
#.......##.......
#......## #......
#......# #.....
###.....## #....
###.......# #..#
###........## ##


You could see a hill giant, a manticore and an ogre.

Vanquished Creatures
  2 hill giants
  2 manticores (D:11)
  A cyclops (D:9)
  Psyche (D:10)
  A troll (D:9)
  Prince Ribbit (D:8)
  Grinder (D:6)
  A two-headed ogre (D:9)
  2 hippogriffs
  Sigmund (D:2)
  2 hungry ghosts
  2 wraiths
  Edmund (D:5)
  A water moccasin (D:10)
  A soldier ant (D:9)
  2 ice beasts
  4 orc warriors
  2 sky beasts
  A necrophage (D:9)
  2 centaurs
  9 ogres
  2 crocodiles (D:10)
  3 big kobolds
  10 bullfrogs
  2 gnoll sergeants
  A scorpion (D:7)
  8 killer bees
  5 wights (D:8)
  2 howler monkeys
  4 crimson imps
  2 bullfrog zombies (D:10)
  4 jellies
  3 hounds
  2 centaur skeletons
  A centaur zombie (D:8)
  3 bullfrog skeletons
  7 orc priests
  8 orc wizards
  Natasha (thrice) (D:4 D:3)
  8 iguanas
  6 worker ants
  A hound zombie (D:7)
  A hound skeleton (D:10)
  2 worker ant zombies
  7 gnolls
  2 howler monkey skeletons
  7 adders
  A shadow imp (D:9)
  2 adder skeletons
  4 worms
  A dart slug (D:1)
  4 leopard geckos
  17 orcs
  3 giant cockroaches
  11 goblins
  10 hobgoblins
  14 jackals
  16 kobolds
  8 quokkas
  4 ball pythons
  7 bats
  5 frilled lizards
  A jackal zombie (D:8)
  11 rats
263 creatures vanquished.

Notes
Turn   | Place    | Note
-------+----------+-------------------------------------------
     0 | D:1      | dobroeutro the Gargoyle Fighter began the quest for the Orb.
     0 | D:1      | Reached XP level 1. HP: 14/14 MP: 1/1
   113 | D:1      | Reached XP level 2. HP: 19/19 MP: 2/2
   300 | D:1      | Reached XP level 3. HP: 24/24 MP: 3/3
   525 | D:1      | Reached skill level 1 in Dodging
   716 | D:2      | Reached skill level 3 in Maces & Flails
   808 | D:2      | Found a shadowy altar of Dithmenos.
  1056 | D:2      | Noticed Sigmund
  1089 | D:2      | Reached XP level 4. HP: 21/29 MP: 4/4
  1740 | D:3      | Noticed an ogre
  1762 | D:3      | Killed an ogre
  1762 | D:3      | Reached skill level 4 in Maces & Flails
  1762 | D:3      | Reached XP level 5. HP: 17/34 MP: 5/5
  1918 | D:4      | Noticed Natasha
  1933 | D:4      | Killed Natasha
  2004 | D:4      | Reached XP level 6. HP: 14/39 MP: 6/6
  2014 | D:4      | Noticed Natasha
  2317 | D:3      | Killed Natasha
  2648 | D:4      | Noticed Dowan
  2665 | D:3      | Noticed Natasha
  2674 | D:3      | Killed Natasha
  2743 | D:4      | Reached skill level 5 in Fighting
  2743 | D:4      | Reached skill level 5 in Maces & Flails
  2793 | D:5      | Entered Level 5 of the Dungeon
  2849 | D:5      | Reached XP level 7. HP: 19/44 MP: 7/7
  3128 | D:5      | Noticed Edmund
  3144 | D:5      | Killed Edmund
  3150 | D:5      | Reached skill level 6 in Maces & Flails
  3270 | D:5      | Gained mutation: You are weak. (Str -2) [mutagenic meat]
  3271 | D:5      | Gained mutation: You are covered in fur. (AC +1) [mutagenic meat]
  3272 | D:5      | Gained mutation: You are frail. (-10% HP) [mutagenic meat]
  3273 | D:5      | Gained mutation: You have a pair of small horns on your head. [mutagenic meat]
  3274 | D:5      | Gained mutation: You are occasionally teleported next to monsters. [mutagenic meat]
  3295 | D:5      | Reached XP level 8. HP: 45/45 MP: 8/8
  3413 | D:5      | Reached skill level 7 in Maces & Flails
  3881 | D:2      | Killed Sigmund
  4190 | D:6      | Found Wabovewn's Book Boutique.
  4252 | D:6      | Noticed Grinder
  4252 | D:6      | Paralysed by Grinder for 6 turns
  4307 | D:5      | Reached skill level 8 in Maces & Flails
  4319 | D:6      | Killed Grinder
  4319 | D:6      | Reached XP level 9. HP: 51/51 MP: 9/9
  4641 | D:6      | Found a staircase to the Ecumenical Temple.
  4681 | Temple   | Entered the Ecumenical Temple
  4732 | Temple   | Became a worshipper of Warmaster Okawaru
  5387 | D:7      | Reached * piety under Okawaru
  5387 | D:7      | Reached skill level 9 in Maces & Flails
  5392 | D:7      | Gained mutation: You have large cloven feet. [mutagenic meat]
  5395 | D:7      | Gained mutation: You have a pair of horns on your head. [mutagenic meat]
  5397 | D:7      | Gained mutation: You expend magic power (3 MP) to strengthen your wands. [mutagenic meat]
  5429 | D:7      | Reached skill level 5 in Dodging
  5906 | D:8      | Noticed Prince Ribbit
  6012 | D:8      | Reached ** piety under Okawaru
  6012 | D:8      | Reached XP level 10. HP: 21/57 MP: 10/10
  6391 | D:8      | Reached skill level 5 in Armour
  6396 | D:8      | Reached skill level 10 in Maces & Flails
  6903 | D:8      | Killed Prince Ribbit
  7196 | D:9      | Found a sparkling altar of Nemelex Xobeh.
  7230 | D:9      | Reached *** piety under Okawaru
  7232 | D:9      | Identified the Catalogue of Dislocation and Ignition
  7235 | D:9      | Got a faintly humming robe
  7246 | D:9      | Identified the cursed +1 robe of the Pits of Slime {Str+3} (You found it on level 9 of the Dungeon)
  7401 | D:9      | Noticed a cyclops
  7406 | D:9      | Killed a cyclops
  7708 | D:9      | Reached XP level 11. HP: 61/63 MP: 11/11
  7812 | D:9      | Found a staircase to the Lair.
  7879 | D:9      | Reached skill level 11 in Maces & Flails
  8111 | D:10     | Entered Level 10 of the Dungeon
  8111 | D:10     | Noticed Psyche
  8116 | D:10     | Killed Psyche
  8116 | D:10     | Reached **** piety under Okawaru
  8168 | D:10     | Noticed a hill giant
  8181 | D:10     | Killed a hill giant
  8644 | D:10     | Found a runed door.
  8950 | D:11     | Noticed a manticore
  9090 | D:11     | Killed a manticore
  9139 | D:11     | Noticed a manticore
  9149 | D:11     | Killed a manticore
  9162 | D:11     | Reached ***** piety under Okawaru
  9162 | D:11     | Received a gift from Okawaru
  9166 | D:11     | Reached skill level 10 in Fighting
  9349 | D:11     | Noticed a hill giant
  9360 | D:11     | Killed a hill giant
  9371 | D:11     | Got an iridescent trident
  9372 | D:11     | Identified the +9 trident of Wrongful Imprisonment {flame, Str+2 Dex+3 SInv} (You found it on level 11 of the Dungeon)
  9705 | D:11     | Noticed a manticore
  9706 | D:11     | Noticed a hill giant
  9711 | D:11     | Slain by a hill giant

Vault maps used:
D:1:      evilmike_arrival_plus
D:2:      kennysheep_crisscross, grunt_dithmenos_smoke_and_mirrors, uniq_sigmund
D:3:      first_bread
D:4:      uniq_natasha, uniq_duvessa
D:5:      uniq_edmund
D:6:      serial_shops, nicolae_shop_stone, uniq_grinder
D:7:      minmay_curled_crystal, serial_park_tiny_pond
D:8:      uniq_prince_ribbit1
D:9:      hangedman_cross_cluster
D:10:     grunt_ogre_cave, lightli_church_of_beogh, uniq_psyche
D:11:     orc_0_dummy, basic_loot_grate_trap
Temple:   nicolae_temple_the_god_donut

Skill      XL: |  1  2  3  4  5  6  7  8  9 10 11 |
---------------+----------------------------------+-----
Dodging        | 1 2 3 4 5 6 |  6.8
Maces & Flails | 3 4 5 6 8 9 10 11 | 11.7
Fighting       | 4 5 7 8 9 10 | 10.1
Armour         | 4 6 7 |  7.5
Shields        | |  3.2

Action                   |  1- 3 |  4- 6 |  7- 9 | 10-12 || total
-------------------------+-------+-------+-------+-------++-------
Melee: Flail             |   131 |   245 |   393 |   404 ||  1173
       Headbutt          |       |       |    53 |    84 ||   137
       Kick              |       |       |    32 |   115 ||   147
       Trident           |       |       |       |     5 ||     5
Invok: Heroism           |       |       |       |     2 ||     2
  Use: Potion            |       |     3 |     1 |       ||     4
       Scroll            |       |       |       |    21 ||    21
  Eat: Chunk             |       |     7 |    20 |     6 ||    33
       Bread ration      |       |       |     1 |     2 ||     3
Armor: Scale mail        |    83 |   164 |   209 |   221 ||   677
Dodge: Dodged            |    49 |   116 |   116 |   193 ||   474
Block: Shield            |    71 |   156 |   177 |   206 ||   610
